 Dungeon Crawl Stone Soup version 0.32-a0-468-g38b2580584 (webtiles) character file.

Game seed: 11557919492603752183

26 CougarLife the Digger (level 3, -3/19 HPs)
             Began as a Gargoyle Earth Elementalist on Feb 25, 2024.
             Killed from afar by Jessica (12 damage)
             ... with a puff of flame
             ... on level 2 of the Dungeon.
             The game lasted 00:01:38 (1200 turns).

CougarLife the Digger (Gargoyle Earth Elementalist) Turns: 1200, Time: 00:01:39

Health: -3/19      AC:  5    Str: 11    XL:     3   Next: 8%
Magic:  3/6        EV: 11    Int: 17    God:
Gold:   67         SH:  0    Dex: 10    Spells: 5/6 levels left

rFire   . . .        d - +0 dagger
rCold   . . .        (no shield)
rNeg    + . .        a - +0 robe
rPois   ∞            (no helmet)
rElec   +            (no cloak)
rCorr   .            (no gloves)
SInv    .            (no boots)
Will    .....        (no amulet)
Stlth   ++           (no ring)
HPRegen 0.23/turn    (no ring)
MPRegen 0.10/turn

%: no passive effects
@: very slightly contaminated
A: sickness immunity, AC +3, negative energy resistance 1, electricity
resistance, torment resistance 1, petrification resistance
a: no special abilities


You were on level 2 of the Dungeon.
You visited 1 branch of the dungeon, and saw 2 of its levels.

You collected 67 gold pieces.

Inventory:

Hand Weapons
 d - a +0 dagger (weapon)
Armour
 a - a +0 robe (worn)
Scrolls
 c - 2 scrolls of identify {unknown}
 e - a scroll of teleportation {unknown}
 g - 2 scrolls of immolation {unknown}
Potions
 b - a potion of magic
 f - a potion of might {unknown}
 h - a potion of mutation {unknown}
 i - a potion of curing {unknown}
 j - a potion of attraction {unknown}
 k - a potion of heal wounds {unknown}
 l - a potion of invisibility {unknown}


   Skills:
 - Level 1.5 Dodging
 - Level 2.1 Stealth
 + Level 2.4 Spellcasting
 + Level 2.0 Conjurations
 + Level 4.1 Earth Magic


You had 5 spell levels left.
You knew the following spells:

 Your Spells              Type           Power      Damage    Failure   Level
a - Sandblast             Erth           32%        2d9       3%          1

Your spell library contained the following spells:

 Spells                   Type           Power      Damage    Failure   Level
 Passwall                 Erth           16%        N/A       10%         3
 Stone Arrow              Conj/Erth      24%        3d8       16%         3
 Brom's Barrelling Bould  Conj/Erth      12%        2d4       45%         4
 Petrify                  Alch/Erth      9%         N/A       61%         4
 Irradiate                Conj/Alch      2%         3d12      98%         5
 Sublimation of Blood     Necr           Unusable   N/A       N/A         2

Dungeon Overview and Level Annotations

Branches:
Dungeon (2/15)

Altars:

Annotations:
D:2 Jessica


Innate Abilities, Weirdness & Mutations

You are immune to sickness and miasma.
Your stone body is resilient. (AC +3)
You are immune to poison.
You resist negative energy. (rN+)
You are resistant to electric shocks. (rElec)
You are resistant to unholy torment.
You are immune to petrification.


Message History

Press: ? - help, Shift-Dir - straight line, f/p - quokka
Aim: a quokka (almost dead, 75% to hit)
The blast of sand hits the quokka.
You kill the quokka!
You start resting.
HP restored.
You start resting.
Jessica the Apprentice Sorceress comes into view.
She is wielding a +0 dagger, wearing a +2 robe of willpower and carrying a wand of flame.
You start resting.
Magic restored.
Jessica shouts!
Jessica zaps a wand.
The puff of flame hits you.
Jessica zaps a wand.
The puff of flame hits you!
Things that are here:
a quokka corpse; a giant cockroach corpse
Casting: Sandblast (safe; 3% risk of failure)
Confirm with . or Enter, or press ? or * to list all spells.
Aiming: Sandblast (safe; 3% risk of failure)
Press: ? - help, Shift-Dir - straight line, f - Jessica
Aim: Jessica, wielding a +0 dagger, wearing a +2 robe of willpower and carrying a wand of flame (82% to hit)
You miscast Sandblast.
You are very lightly contaminated with residual magic.
Nothing appears to happen.
Casting: Sandblast (safe; 3% risk of failure)
Confirm with . or Enter, or press ? or * to list all spells.
Aiming: Sandblast (safe; 3% risk of failure)
Press: ? - help, Shift-Dir - straight line, f/p - Jessica
Aim: Jessica, wielding a +0 dagger, wearing a +2 robe of willpower and carrying a wand of flame (82% to hit)
The blast of sand hits Jessica.
Jessica is heavily wounded.
Casting: Sandblast (safe; 3% risk of failure)
Confirm with . or Enter, or press ? or * to list all spells.
Aiming: Sandblast (safe; 3% risk of failure)
Press: ? - help, Shift-Dir - straight line, f/p - Jessica
Aim: Jessica, wielding a +0 dagger, wearing a +2 robe of willpower and carrying a wand of flame (heavily wounded, 82% to hit)
The blast of sand hits Jessica but does no damage.
Jessica is heavily wounded.
Jessica zaps a wand.
The puff of flame hits you!
Ouch! That really hurt!
You die...

#.# .##.# ...##
# ....# #. ...#
#.. #).# #..
#†.#
.##..†###..#
?..)..@@...##
.......###..##
....... ##..#
........ ##.###
......... #...#
......... #...#
.## ##.......##
#..)#
...##.........#
#...# #.
#............)##
#...# #.


You could see Jessica.

Vanquished Creatures
  A ribbon worm (D:2)
  3 ball pythons
  A bat (D:1)
  3 endoplasms
  2 giant cockroaches (D:2)
  3 hobgoblins
  A quokka (D:2)
  A frilled lizard (D:1)
  2 goblins (D:1)
  2 kobolds
  2 rats (D:2)
21 creatures vanquished.

Notes
Turn   | Place    | Note
-------+----------+-------------------------------------------
     0 | D:1      | CougarLife the Gargoyle Earth Elementalist began the quest
                  | for the Orb.
     0 | D:1      | Reached XP level 1. HP: 10/10 MP: 3/3
   214 | D:1      | Found a faded altar of an unknown god.
   298 | D:1      | Reached XP level 2. HP: 15/15 MP: 3/5
   919 | D:2      | Reached skill level 4 in Earth Magic
  1125 | D:2      | Reached XP level 3. HP: 17/19 MP: 1/6
  1168 | D:2      | Noticed Jessica
  1200 | D:2      | Killed from afar by Jessica

Illustrated notes

Levels and vault maps discovered:
D:1:      psy_arrival_wood_between_worlds, layout_basic,
          shapermc_ecumenical_altar_mp_urbaneastern, serial_glass,
          glass_columns_b, glass_columns_c, glass_columns_c
D:2:      layout_rooms, minmay_cupped, uniq_jessica

Skill      XL: |  1  2 |
---------------+-------+-----
Earth Magic    | 4 |  4.1
Conjurations   | 2 |  2.0
Dodging        | |  1.5
Stealth        | |  2.1
Spellcasting   | |  2.4

Action                     || total
---------------------------++-------
  Melee: Dagger            ||    24
         Unarmed           ||     1
   Cast: Sandblast         ||    28
 Armour: Robe              ||    15
  Dodge: Dodged            ||    24

Table legend: (Time is in decaauts)
 A = Elapsed time spent in this place.
 B = Non-inter-level travel time spent in this place.
 C = Inter-level travel time spent in this place.
 D = Time resting spent in this place.
 E = Time spent auto-exploring this place.
 F = Levels seen in this place.
 G = Mean time per level.
                   A        B        C        D        E       F      G
               +--------+--------+--------+--------+--------+-----+--------+
         Total |   1212 |   1181 |     31 |     95 |    927 |   2 |  606.0 |
       Dungeon |   1212 |   1181 |     31 |     95 |    927 |   2 |  606.0 |
               +--------+--------+--------+--------+--------+-----+--------+

Top non-repeatable levels by time:
     D:1: 919 daAuts
     D:2: 293 daAuts
